 Dungeon Crawl Stone Soup version 0.31-a0-38-g1548c4f2a5 (console) character file.

Game seed: 4323814532581049979

700 petzl the Sneak (level 7, -4/45 (53) HPs)
             Began as a Formicid Delver on May 16, 2023.
             Slain by an orc
             ... wielding a +0 halberd
              (11 damage)
             ... in a bailey.
             The game lasted 00:22:15 (5639 turns).

petzl the Sneak (Formicid Delver)                   Turns: 5639, Time: 00:22:15

HP:   -4/45 (53)    AC:  4    Str: 16    XL:     7   Next: 98%
MP:   6/14          EV: 12    Int: 12    God:
Gold: 337           SH:  0    Dex: 15    Spells: 12/16 levels left

rFire   . . .        a - +3 hammer
rCold   . . .        (no shield)
rNeg    . . .        k - +0 leather armour
rPois   .            (helmet unavailable)
rElec   .            (no cloak)
rCorr   .            (no gloves)
SInv    +            t - +0 pair of boots
Will    .....        (no amulet)
Stlth   +++          (no ring)
HPRegen 0.27/turn    (no ring)
MPRegen 0.14/turn

%: no passive effects
@: very slightly contaminated, heavily drained
A: permanent stasis, dig shafts and tunnels, antennae 3, four strong arms
a: Dig


You were in a bailey.
You visited 1 branch of the dungeon, and saw 10 of its levels.
You also visited: Bailey.

You collected 337 gold pieces.

Inventory:

Hand Weapons
 a - a +3 hammer (weapon)
 b - a +0 sling
 z - a +0 mace
 F - a +1 heavy flail
Missiles
 A - 2 throwing nets
Armour
 k - a +0 leather armour (worn)
 t - a +0 pair of boots (worn)
 D - a +0 kite shield
Jewellery
 i - a ring of positive energy
 p - an amulet of reflection
 y - a ring of protection from cold
Wands
 f - a wand of digging (1)
 B - a wand of mindburst (3)
Scrolls
 c - a scroll of fog
 d - 2 scrolls of magic mapping
 e - 3 scrolls of amnesia {unknown}
 g - a scroll of identify
 r - a scroll of enchant armour {unknown}
 s - a scroll of butterflies
 v - a scroll of brand weapon
 x - a scroll of poison
Potions
 h - a potion of degeneration {unknown}
 l - a potion of might {unknown}
 m - a potion of lignification
 n - a potion of haste {unknown}
 o - 2 potions of berserk rage {unknown}
 q - 2 potions of ambrosia
 u - a potion of invisibility {unknown}
 w - a potion of heal wounds {unknown}
 C - 2 potions of flight {unknown}
 E - a potion of cancellation {unknown}


   Skills:
 - Level 3.8 Fighting
 - Level 2.0 Maces & Flails
 - Level 4.4 Ranged Weapons
 - Level 1.8 Dodging
 - Level 6.0 Stealth
 - Level 5.2 Spellcasting
 + Level 1.1 Conjurations
 + Level 1.0 Air Magic
 + Level 1.5 Poison Magic
 - Level 1.3 Evocations


You had 12 spell levels left.
You knew the following spells:

 Your Spells              Type           Power      Damage    Failure   Level
a - Magic Dart            Conj           20%        1d4       16%         1
m - Mephitic Cloud        Conj/Pois/Air  6%         N/A       41%         3

Your spell library contained the following spells:

 Spells                   Type           Power      Damage    Failure   Level
 Call Imp                 Summ           6%         N/A       36%         2
 Summon Guardian Golem    Hex/Summ       3%         N/A       58%         3
 Orb of Destruction       Conj           2%         9d5       100%        7
 Spellforged Servitor     Conj/Summ      2%         N/A       100%        7


Dungeon Overview and Level Annotations

Branches:
Dungeon (10/15)            Bailey (1/1)
 Temple: D:4-7         Lair: D:8-11         Orc: D:9-12

Altars:
Ashenzari
Gozag
Ru
Zin
The Shining One

Shops:
D:1 =

Annotations:
D:3 1 runed translucent door, exclusion: 2 downstairs, Crazy Yiuf
D:4 Grinder
D:5 exclusions: ice beast and ogre
D:8 exclusion: downstairs
D:9 exclusions: centaur warrior, downstairs, 3 sensed monsters (detected), troll and upstairs


Innate Abilities, Weirdness & Mutations

You cannot be hasted, slowed, berserked, paralysed or teleported.
You can dig through walls and to a lower floor.
You have a pair of large antennae on your head. (SInv)
Your four strong arms can wield two-handed weapons with a shield.


Message History

You hit the orc warrior.
The orc warrior is lightly wounded.
The orc closely misses you. The orc barely misses you.
You hit the orc warrior.
The orc warrior is moderately wounded.
The orc completely misses you. The orc barely misses you. The orc misses you.
Casting: Mephitic Cloud (quite dangerous; 41% risk of failure)
Confirm with . or Enter, or press ? or * to list all spells.
The spell is quite dangerous to miscast (41% risk of failure)!
Continue anyway?
Aiming: Mephitic Cloud (quite dangerous; 41% risk of failure)
Press: ? - help, Shift-Dir - straight line, f - orc
Aim: an orc, wielding a +0 trident and wearing a +0 chain mail (chance to affect: 96%)
The ball explodes into a vile cloud!
The stinking cloud engulfs the orc but does no damage.
The stinking cloud engulfs the orc warrior but does no damage.
The orc warrior is moderately wounded.
The stinking cloud engulfs the orc but does no damage.
The orc closely misses you.
The orc hits you from afar with a +0 halberd!
The orc is engulfed in noxious fumes.
The orc appears confused.
The orc looks very confused.
Unknown command.
Unknown command.
You hit the orc but do no damage. The orc closely misses you.
The orc hits you from afar with a +0 halberd!
The orc is engulfed in noxious fumes.
The orc appears confused.
The orc says, "Why is everything spinning?"
The orc barely misses the orc warrior.
The orc hits you with a +0 hand axe. The orc barely misses you.
The orc is engulfed in noxious fumes.
The orc appears confused.
The orc hits you with a +0 trident.
* * * LOW HITPOINT WARNING * * *
The orc warrior closely misses you. The orc closely misses you.
The orc is engulfed in noxious fumes.
The orc appears confused.
You thump the orc!
You kill the orc!
The orc hits you with a +0 hand axe.
* * * LOW HITPOINT WARNING * * *
The orc hits you from afar with a +0 halberd!
You die...

o.. #.
... # #.
... .# #.
#.#{.#
#.##8##.#
#..#.#..#
#.o.....#
#....°..#
#∩.)...∩#
#.@oo...#
##..∩..##
#######


You could see an orc warrior (confused) and 2 orcs.

Vanquished Creatures
  An ogre (D:4)
  A bullfrog (D:4)
  A wight (D:5)
  A killer bee (D:9)
  A howler monkey (D:5)
  A hound (D:5)
  A jelly (D:4)
  A gnoll bouda (D:4)
  2 orc wizards
  Ijyb (D:4)
  A sleepcap (D:8)
  7 gnolls
  3 adders
  2 shadow imps
  An ufetubus (D:5)
  4 worms
  4 dart slugs
  17 orcs
  4 bats
  9 endoplasms
  6 giant cockroaches
  8 goblins
  6 hobgoblins
  4 jackals (D:2)
  A quokka (D:5)
  3 ball pythons
  2 frilled lizards
  9 kobolds
  4 rats
106 creatures vanquished.

Notes
Turn   | Place    | Note
-------+----------+-------------------------------------------
     0 | D:5      | petzl the Formicid Delver began the quest for the Orb.
     0 | D:5      | Reached XP level 1. HP: 18/18 MP: 1/1
    23 | D:6      | Noticed an iguana
    23 | D:6      | Noticed a black bear
    67 | D:4      | Noticed an ogre
    74 | D:4      | Noticed a bullfrog
   102 | D:3      | Reached skill level 1 in Spellcasting
   121 | D:3      | Reached XP level 2. HP: 23/24 MP: 4/4
   327 | D:2      | Reached XP level 3. HP: 24/29 MP: 6/6
   549 | D:1      | Found Ovvonal's Jewellery Shoppe.
   706 | D:1      | Reached skill level 1 in Ranged Weapons
   739 | D:1      | Reached XP level 4. HP: 35/35 MP: 8/8
  1940 | D:3      | Found a glowing golden altar of the Shining One.
  2101 | D:3      | Reached XP level 5. HP: 32/41 MP: 10/10
  2431 | D:3      | Found a glowing silver altar of Zin.
  2524 | D:3      | Found a runed translucent door.
  2525 | D:3      | Noticed Crazy Yiuf
  2827 | D:4      | Reached XP level 6. HP: 45/47 MP: 10/12
  2884 | D:4      | Noticed Ijyb
  2896 | D:4      | Killed Ijyb
  2918 | D:4      | HP: 2/47 [bullfrog (8)]
  3263 | D:4      | Killed an ogre
  3264 | D:4      | Reached skill level 5 in Spellcasting
  3264 | D:4      | Reached XP level 7. HP: 52/52 MP: 14/14
  3298 | D:4      | Noticed Grinder
  3347 | D:4      | Learned a level 1 spell: Magic Dart
  3351 | D:4      | Learned a level 3 spell: Mephitic Cloud
  4170 | D:5      | Found a broken altar of Ashenzari.
  4497 | D:5      | Reached skill level 1 in Poison Magic
  4626 | D:5      | Reached skill level 1 in Evocations
  4643 | D:5      | Noticed a water moccasin
  4659 | D:5      | You fall into a shaft and drop 2 floors!
  4831 | D:7      | Noticed a steam dragon
  4848 | D:7      | You fall into a shaft and drop 2 floors!
  4960 | D:9      | Noticed a cyclops
  4974 | D:10     | Entered Level 10 of the Dungeon
  4989 | D:10     | Noticed a yak
  5000 | D:10     | Noticed a yak
  5002 | D:10     | Found a sacrificial altar of Ru.
  5003 | D:10     | Noticed a yak
  5216 | D:9      | Noticed a troll
  5251 | D:9      | Noticed a centaur warrior
  5427 | D:8      | Reached skill level 1 in Conjurations
  5427 | D:8      | Reached skill level 1 in Air Magic
  5529 | D:8      | Found an opulent altar of Gozag.
  5578 | D:8      | Noticed a two-headed ogre
  5611 | D:8      | Found a flagged portal.
  5617 | Bailey   | Entered a bailey
  5639 | Bailey   | Slain by an orc

Illustrated notes

Levels and vault maps discovered:
D:1:      sevenhm_arrival_forest_fort_large_4, layout_basic, serial_shops, shop,
          minmay_tromino_v4_c
D:2:      layout_basic
D:3:      layout_loops_ring, nicolae_tso_swordbearing_angel, marbit_many_paths,
          uniq_crazy_yiuf_cottage
D:4:      layout_cave_pools, uniq_grinder, uniq_ijyb
D:5:      layout_loops_ring, ashenzari_altar_1,
          mainiacjoe_overflow_surrounded_room, chequers_serial_rivers_room_a
D:6:      layout_basic, lemuel_mausoleum_altar_kikubaaqudgha,
          kennysheep_mini_moat, serial_shops, shop,
          nicolae_shop_bloodbath_and_beyond, nicolae_shop_real_fake_doors,
          nicolae_shop_tiny_glass
D:7:      layout_loops_ring, nzn_wu_jian_council_hall,
          fedhas_altar_decomposition, mainiacjoe_overflow_boulevard,
          mainiacjoe_overflow_six_doors_small, minmay_temple_entry_poolview,
          serial_bayou, serial_bayou_lake_a, serial_bayou_ford_a,
          serial_bayou_shore_b, serial_bayou_pond_e, kennysheep_generic_room_11,
          uniq_menkaure
D:8:      layout_cave_pods, grunt_gozag_breadcrumbs, overflow_temple_1_default,
          enter_bailey_2
D:9:      layout_loops_ring
D:10:     layout_long_grid, nicolae_ru_awakened_eye, lemuel_tele_altar,
          due_lair_maze_entry_diamond, orc_0_dummy
Bailey:   bailey_polearm_5, bailey

Skill      XL: |  1  2  3  4  5  6  7 |
---------------+----------------------+-----
Spellcasting   | 1 2 3 4 5 |  5.2
Ranged Weapons | 1 2 3 4 |  4.4
Poison Magic   | 1 |  1.5
Evocations     | 1 |  1.3
Conjurations   | 1 |  1.1
Air Magic      | 1 |  1.0
Fighting       | |  3.8
Maces & Flails | |  2.0
Dodging        | |  1.8
Stealth        | |  6.0

Action                     |  1- 3 |  4- 6 |  7- 9 || total
---------------------------+-------+-------+-------++-------
  Melee: Mace              |    57 |   104 |   106 ||   267
         Punch             |     2 |     1 |     2 ||     5
   Fire: Sling             |    50 |   104 |    51 ||   205
   Cast: Mephitic Cloud    |       |       |     2 ||     2
Ability: Dig               |       |       |     4 ||     4
         Shaft Self        |       |       |     2 ||     2
  Evoke: Wand              |       |     1 |     4 ||     5
    Use: Scroll            |     1 |     4 |     1 ||     6
         Potion            |       |     5 |     2 ||     7
   Stab: Sleeping          |     4 |       |       ||     4
 Armour: Leather armour    |    20 |    34 |    34 ||    88
  Dodge: Dodged            |    62 |    92 |   113 ||   267

Table legend: (Time is in decaauts)
 A = Elapsed time spent in this place.
 B = Non-inter-level travel time spent in this place.
 C = Inter-level travel time spent in this place.
 D = Time resting spent in this place.
 E = Time spent auto-exploring this place.
 F = Levels seen in this place.
 G = Mean time per level.
                   A        B        C        D        E       F      G
               +--------+--------+--------+--------+--------+-----+--------+
         Total |   5767 |   5620 |    147 |   1467 |   2102 |  11 |  524.3 |
       Dungeon |   5746 |   5599 |    147 |   1467 |   2102 |  10 |  574.6 |
        Bailey |     21 |     21 |      0 |      0 |      0 |   1 |   21.0 |
               +--------+--------+--------+--------+--------+-----+--------+

Top non-repeatable levels by time:
     D:3: 1515 daAuts
     D:4: 1044 daAuts
     D:2: 816 daAuts
     D:1: 762 daAuts
     D:5: 620 daAuts
     D:9: 502 daAuts
     D:8: 241 daAuts
     D:7: 188 daAuts
    D:10: 32 daAuts
  Bailey: 21 daAuts
     D:6: 21 daAuts
